 Dungeon Crawl Stone Soup version 0.30-a0-365-ge7f957f1db (webtiles) character file.

Game seed: 5203217428775494442

322674 MrRokkomies the Warrior (level 23, -7/217 HPs)
             Began as a Meteoran Cinder Acolyte on Nov 17, 2022.
             Was the Champion of Jiyva.
             Mangled by a deep troll (17 damage)
             ... on level 3 of the Depths.
             The game lasted 01:37:35 (20030 turns).

MrRokkomies the Warrior (Meteoran Cinder Acolyte)  Turns: 20030, Time: 01:37:37

Health: -7/217     AC: 31    Str: 22    XL:     23   Next: 7%
Magic:  26/26      EV: 17    Int: 22    God:    Jiyva [******]
Gold:   1616       SH:  0    Dex: 19    Spells: 20/24 levels left

rFire   . . .      SeeInvis .    a - +3 great sword (freeze)
rCold   + . .      Faith    .    (shield currently unavailable)
rNeg    + . .      Spirit   .    U - +6 plate armour "Nourud" {rElec Will+++ Str-4 Dex+2}
rPois   +          Reflect  .    (helmet restricted)
rElec   +          Harm     .    v - scarf {shadows}
rCorr   +          Rampage  .    m - +0 pair of gloves "Honwenev" {rC+ Int+3}
Will    +++++                    (no boots)
Stlth   ..........               (no amulet)
HPRegen 2.16/turn                i - +4 ring of slaying
MPRegen 0.70/turn                S - ring "Ohoih" {rElec rN+ rCorr Str+2}

@: glowing
A: sense surroundings 3, otherworldly, glowing, explore regen, hooves 2, horns
2, iridescent scales 3, clever 1, poison resistance, strong 2, acidic bite,
translucent skin 1, engulf
}: 3/15 runes: barnacled, slimy, gossamer
a: Renounce Religion, Oozemancy, Slimify


You were on level 3 of the Depths.
You worshipped Jiyva.
Jiyva was exalted by your worship.
You visited 8 branches of the dungeon, and saw 41 of its levels.
You also visited: Trove, Bailey, Ice Cave and Desolation.

You collected 2205 gold pieces.
You spent 589 gold pieces at shops.

Inventory:

Hand Weapons
 a - a +3 great sword of freezing (weapon)
 b - a +3 longbow of flaming
 H - the +3 Elemental Staff {rElec rF++ rC++ AC+5}
   (You found it on level 5 of the Pits of Slime)

   If the wielder is skilled in Evocations, they can discharge powerful blasts
   of elemental energy when striking with it.
   It enhances your fire, ice, earth and air magic.
   AC:        It affects your AC (+5).
   rF:        It greatly protects you from fire.
   rC:        It greatly protects you from cold.
   rElec:     It insulates you from electricity.
 K - the +8 triple crossbow of Change {vorpal, rElec}
   (You found it on level 5 of the Pits of Slime)

   Any ammunition fired from it inflicts extra damage upon your enemies.
   rElec:     It insulates you from electricity.
 X - the +5 quick blade of Zyipt {holy, Contam rC+++ Int+3 Dex+3}
   (You found it on level 5 of the Pits of Slime)

   It has been blessed by the Shining One to cause great damage to the undead
   and demons.
   Int:       It affects your intelligence (+3).
   Dex:       It affects your dexterity (+3).
   rC:        It renders you almost immune to cold.
   Contam:    It causes magical contamination when unequipped.
Missiles
 f - 29 poisoned darts (quivered)
 y - a curare-tipped dart
 T - a throwing net
Armour
 m - the +0 pair of gloves "Honwenev" (worn) {rC+ Int+3}
   (You found it in a treasure trove)

   Int:       It affects your intelligence (+3).
   rC:        It protects you from cold.
 s - the quicksilver dragon scales of Tulips {Will+ Regen+ MP+9}
   (You found it in a treasure trove)

   MP:        It affects your magic capacity (+9).
   Regen:     It increases your rate of health regeneration.
   Will:      It increases your willpower.
 u - the +7 chain mail of the Sparrow {rElec rPois rF- Dex+10}
   (You found it on level 4 of the Dungeon)

   Dex:       It affects your dexterity (+10).
   rF:        It makes you vulnerable to fire.
   rElec:     It insulates you from electricity.
   rPois:     It protects you from poison.
 v - a scarf of shadows (worn)
 I - the -1 pair of gloves of the Barnacle {rC++ Str+6 Dex-2}
   (You found it in a treasure trove)

   Str:       It affects your strength (+6).
   Dex:       It affects your dexterity (-2).
   rC:        It greatly protects you from cold.
 O - +0 fire dragon scales
 U - the +6 plate armour "Nourud" (worn) {rElec Will+++ Str-4 Dex+2}
   (You found it in a treasure trove)

   Str:       It affects your strength (-4).
   Dex:       It affects your dexterity (+2).
   rElec:     It insulates you from electricity.
   Will:      It greatly increases your willpower.
Magical Staves
 B - a staff of conjuration
Jewellery
 c - a ring of magical power
 i - a +4 ring of slaying (left hand)
 p - a ring of fire
 M - a ring of willpower
 P - a ring of protection from cold
 S - the ring "Ohoih" (right hand) {rElec rN+ rCorr Str+2}
   (You found it in a bailey)

   [ring of resist corrosion]

   Str:       It affects your strength (+2).
   rElec:     It insulates you from electricity.
   rN:        It protects you from negative energy.
   rCorr:     It protects you from acid and corrosion.
 Z - a ring of positive energy
Wands
 d - a wand of digging (1)
 j - a wand of flame (8)
 r - a wand of polymorph (11)
 t - a wand of quicksilver (14)
 x - a wand of charming (10)
 F - a wand of mindburst (11)
Scrolls
 o - 9 scrolls of teleportation
 z - 4 scrolls of fog
 A - a scroll of blinking
 C - a scroll of fear
 D - 4 scrolls of immolation
 E - 3 scrolls of identify
 L - a scroll of magic mapping
 R - 6 scrolls of enchant armour
 W - a scroll of amnesia
Potions
 e - a potion of flight
 g - 4 potions of ambrosia
 h - 4 potions of mutation
 k - a potion of resistance
 l - a potion of lignification
 n - 2 potions of berserk rage
 q - a potion of magic
 w - 5 potions of curing
 G - 4 potions of brilliance
 J - a potion of attraction
 Q - 4 potions of might
 V - 4 potions of haste
Miscellaneous
 N - a box of beasts
 Y - a tin of tremorstones (2/2)


   Skills:
 * Level 20.4 Fighting
 - Level 20.0 Long Blades
 * Level 18.5 Ranged Weapons
 + Level 17.8 Armour
 + Level 18.1 Dodging
 - Level 1.3 Spellcasting
 - Level 1.1 Translocations
 - Level 5.0 Fire Magic
 - Level 11.5 Evocations


You had 20 spell levels left.
You knew the following spells:

 Your Spells              Type           Power      Damage    Failure   Level
a - Scorch                Fire           46%        2d7       22%         2
b - Blink                 Tloc           12%        N/A       71%         2

Your spell library contained the following spells:

 Spells                   Type           Power      Damage    Failure   Level
 Magic Dart               Conj           4%         1d3       73%         1
 Sandblast                Erth           2%         2d4       73%         1
 Summon Small Mammal      Summ           4%         N/A       73%         1
 Momentum Strike          Conj/Tloc      8%         3d8       78%         2
 Call Imp                 Summ           1%         N/A       86%         2
 Cigotuvi's Dreadful Rot  Necr/Pois/Air  2%         N/A       86%         2
 Passwall                 Tmut/Erth      0%         N/A       86%         2
 Searing Ray              Conj           2%         2d4       86%         2
 Lesser Beckoning         Tloc           12%        N/A       90%         3
 Stone Arrow              Conj/Erth      2%         3d7       97%         3
 Dispel Undead            Necr           1%         3d6       100%        4
 Fulminant Prism          Conj/Hex       0%         3d5       100%        4
 Manifold Assault         Tloc           6%         N/A       100%        4
 Petrify                  Tmut/Erth      1%         N/A       100%        4
 Lee's Rapid Deconstruct  Erth           0%         3d4*      100%        5
 Metabolic Englaciation   Hex/Ice        0%         N/A       100%        5
 Summon Forest            Summ/Tloc      2%         N/A       100%        5
 Summon Mana Viper        Hex/Summ       1%         N/A       100%        5
 Yara's Violent Unravell  Hex/Tmut       0%         3d3       100%        5
 Death Channel            Necr           0%         N/A       100%        6
 Statue Form              Tmut/Erth      0%         N/A       100%        6
 Enfeeble                 Hex            0%         N/A       100%        7
 Spellforged Servitor     Conj/Summ      0%         N/A       100%        7
 Storm Form               Tmut/Air       0%         N/A       100%        7
 Necromutation            Tmut/Necr      0%         N/A       100%        8
 Shatter                  Erth           0%         3d5*      100%        9


Dungeon Overview and Level Annotations

Branches:
Dungeon (15/15) Zot: 533     Lair (5/5) D:10 Zot: 479  Shoals (4/4) Lair:3 Zot: 760
 Spider (4/4) Lair:2 Zot: 853   Slime (5/5) Lair:4 Zot: 2686     Orc (2/2) D:12 Zot: 528
    Elf (0/3) Orc:2        Vaults (3/5) D:13 Zot: 285   Crypt (0/3) Vaults:3
 Depths (3/4) D:15 Zot: 985  Bailey (visited)           IceCv (visited)
Desolation (visited)
 Temple: D:4-7

Altars:
Cheibriados
Okawaru
Sif Muna
Yredelemnul
Jiyva

Shops:
D:3 =   D:8 :   Orc:2 ?[(   Shoals:1 !   Vaults:2 :

Portals:
Abyss: Slime:2
Pandemonium: Depths:2

Annotations:
Spider:2 2 transporters, exclusion: orange crystal statue
Slime:5 Royal Jelly
Vaults:1 34 runed doors
Vaults:3 2 transporters


Innate Abilities, Weirdness & Mutations

You passively map a large area around you.
You are easily found by Zot.
You glow in the dark.
You regain HP and MP as you explore.
You have hoof-like feet.
You have a pair of horns on your head.
You are completely covered in iridescent scales. (AC +6)
Your mind is acute. (Int +4, Str/Dex -1)
Your system is resistant to poisons. (rPois)
Your muscles are very strong. (Str +8, Int/Dex -2)
You have acidic saliva.
Your translucent skin slightly reduces your foes' accuracy. (Stealth+)
Your melee attacks may engulf your foes in ooze.


Message History

* * * LOW HITPOINT WARNING * * *
The deep troll misses you. The deep troll completely misses you.
The deep troll closely misses you. The deep troll completely misses you.
You barely miss the deep troll. You kick the deep troll.
You headbutt the deep troll.
The deep troll is moderately wounded.
The deep troll barely misses you. The deep troll misses you.
The deep troll claws you!
* * * LOW HITPOINT WARNING * * *
The deep troll misses you. The deep troll completely misses you.
The deep troll closely misses you.
You slice the deep troll!! You freeze the deep troll. You bite the deep troll.
The deep troll is splashed with acid.
The deep troll is almost dead.
The deep troll misses you. The deep troll closely misses you.
The deep troll misses you.
The deep troll bites you but does no damage.
The deep troll claws you.
* * * LOW HITPOINT WARNING * * *
The deep troll closely misses you.
You slash the deep troll! You freeze the deep troll.
You kill the deep troll!
A spark wasp zombie comes into view.
Unknown command.
A sphinx zombie comes into view.
The necromancer hits you with a +0 dagger.
* * * LOW HITPOINT WARNING * * *
The deep troll bites you!!
* * * LOW HITPOINT WARNING * * *
The deep troll completely misses you.
The deep troll claws you but does no damage.
There is a stone staircase leading up, spattered with blood here.
Unknown command.
You feel better. The necromancer completely misses you.
The deep troll bites you.
* * * LOW HITPOINT WARNING * * *
The deep troll claws you!
* * * LOW HITPOINT WARNING * * *
The deep troll claws you!
You die...

, , , * , , , *
, , , , ,* , ,
,,* , , , ..,
####++###* , , ,
...* #........*
, , , , , ,
.Z.###....?... ,
, , , ,
,..............,
, , , , ,,,
....(......... ,
* , ,,
,...Z.p.[......
* , ,
......@T....<#,
, , **
........(....# ,
* ,, ,
........#..###
*** , ,,
.##....##.## *
,, #...##*## ,,
...., ..#..,,* *
* ,,* * *


You could see a deep troll (strong), a necromancer, a sphinx zombie and a spark
wasp zombie.

Vanquished Creatures
  Mara (Vaults:2)
  Nikola (Shoals:4)
  A tentacled monstrosity (Depths:2)
  Jorgrun (D:13)
  Mlioglotl (Shoals:4)
  A titan (Vaults:2)
  Gastronok (Lair:3)
  A tengu reaver (Depths:1)
  Kirke (D:13)
  Ilsuiw (Shoals:4)
  2 frost giants
  4 vault wardens
  8 emperor scorpions
  6 ghost moths
  5 stone giants
  7 ironbound preservers
  9 very ugly things
  3 ironbound thunderhulks
  2 vampire knights
  2 dire elephants
  4 spark wasps
  4 merfolk javelineers
  4 ettins
  2 jiangshi (Depths:1)
  10 merfolk impalers
  5 entropy weavers
  A ragged hierophant (Desolation)
  A crystal guardian (Vaults:2)
  5 fire dragons
  2 yaktaur captains
  3 rakshasas
  A vault guard (D:13)
  3 peacekeepers (Vaults:2)
  A spriggan air mage (Depths:2)
  A hydra (D:13)
  A servant of whispers (Desolation)
  5 ogre magi
  4 merfolk avatars
  4 radroaches
  2 catoblepae (Lair:5)
  An ice dragon (Depths:2)
  7 ironbound frosthearts
  3 death knights
  19 centaur warriors
  17 death yaks
  16 two-headed ogres
  A death scarab (Spider:3)
  2 alligator snapping turtles
  8 boulder beetles
  6 merfolk aquamancers (Shoals:4)
  5 deep troll shamans
  3 tengu warriors
  2 vampire magi
  3 satyrs
  A deep troll earth mage (Depths:3)
  4 sun demons
  2 soul eaters
  4 hell knights
  An iron troll (Depths:1)
  4 sun moths
  2 salamander mystics (D:15)
  22 deep trolls
  2 skeletal warriors (D:15)
  4 pharaoh ants
  6 steelbarb worms
  7 sea snakes
  2 phantasmal warriors (D:15)
  3 orb spiders
  5 wizards
  3 necromancers
  9 ironbound convokers
  2 lindwurms (Vaults:3)
  22 harpies
  A stone giant zombie (D:15)
  2 orc sorcerers
  3 deep elf pyromancers
  19 ugly things
  12 wolf spiders
  4 salamanders (Depths:1)
  10 fauns
  17 manticores
  9 merfolk sirens
  A moth of wrath (Spider:3)
  3 cyclopes
  2 guardian serpents (Desolation)
  3 water nymphs
  A fire giant skeleton (D:15)
  7 vault sentinels
  Maurice (D:9)
  A black mamba (Lair:2)
  17 elephants
  10 cane toads
  2 smoke demons (Depths:1)
  2 torpor snails
  10 rime drakes
  An unseen horror (D:10)
  7 komodo dragons
  3 demonic crawlers
  9 yaktaurs
  A freezing wraith (D:15)
  2 guardian mummies (D:15)
  2 tengu conjurers
  27 merfolk
  A wind drake (shapeshifter) (D:14)
  4 meliai (Spider:3)
  8 wind drakes
  7 trolls
  A tarantella (shapeshifter) (D:15)
  Prince Ribbit (D:6)
  9 saltlings
  A slime creature (D:10)
  18 blink frogs
  6 dream sheep
  7 polar bears
  5 hornets (Spider:4)
  20 tarantellas
  9 snapping turtles
  11 jumping spiders
  Sigmund (D:3)
  16 culicivoras
  21 water elementals
  A shadow (D:10)
  A wraith (D:9)
  A vampire (D:11)
  A culicivora (shapeshifter) (D:10)
  3 wyverns
  3 hogs (D:13)
  2 fire bats
  42 yaks
  13 fire elementals
  2 basilisks
  47 redbacks
  5 vampire mosquitoes (D:13)
  3 steam dragons
  A glowing shapeshifter zombie (D:15)
  Edmund (D:6)
  2 acid dragons
  12 water moccasins
  A human skeleton (D:15)
  3 black bears
  4 sky beasts
  27 ogres
  26 orc warriors
  4 ice beasts
  26 wolves
  16 centaurs
  A phantom (D:6)
  4 kobold brigands
  6 bullfrogs
  A gnoll sergeant (D:10)
  2 scorpions
  2 two-headed ogre simulacra (D:11)
  7 wights
  11 killer bees
  10 electric eels
  3 jellies
  15 orc priests
  4 hounds
  2 quasits (D:5)
  A gnoll bouda (D:7)
  Ijyb (D:3)
  3 iguanas
  18 orc wizards
  Natasha (thrice) (D:3)
  A troll simulacrum (D:11)
  Robin (D:3)
  11 gnolls
  4 adders
  A naga simulacrum (D:11)
  2 white imps
  3 ufetubi
  2 worms
  3 dart slugs
  77 orcs
  4 bats
  4 endoplasms
  A giant cockroach (D:2)
  11 goblins
  9 hobgoblins
  11 kobolds
  2 quokkas
  7 ball pythons
  7 frilled lizards
  2 rats
1158 creatures vanquished.

Vanquished Creatures (collateral kills)
  A sea snake (Shoals:4)
  An orb spider (Spider:4)
  A snapping turtle (Shoals:4)
  4 centaurs (Bailey)
  2 orcs (Bailey)
9 creatures vanquished.

Vanquished Creatures (others)
  A lich (Depths:2)
  An ettin (Depths:2)
  3 great orbs of eyes (Vaults:3)
  A two-headed ogre (Orc:2)
  3 centaur warriors
  An ironbound frostheart (Vaults:2)
  A goliath frog (shapeshifter) (Depths:1)
  A sea snake (Shoals:4)
  A wizard (Vaults:1)
  2 harpies
  A moth of wrath (Spider:3)
  A vault sentinel (Vaults:3)
  A black mamba (shapeshifter) (Depths:1)
  A gargoyle (D:12)
  A tarantella (Spider:4)
  13 slime creatures
  A jumping spider (Spider:4)
  A culicivora (shapeshifter) (Depths:1)
  4 culicivoras (Spider:3)
  A spriggan (shapeshifter) (Depths:1)
  A golden eye (shapeshifter) (Depths:1)
  A water elemental (D:15)
  A wyvern (shapeshifter) (Depths:1)
  A fire bat (shapeshifter) (Depths:1)
  2 redbacks (shapeshifter)
  2 redbacks
  A floating eye (shapeshifter) (Depths:1)
  A boggart (shapeshifter) (Depths:1)
  An ogre (Orc:2)
  A centaur (Bailey)
  69 jellies
  An electric eel (Spider:4)
  A hound (shapeshifter) (Depths:1)
  An orc priest (D:12)
  An orc wizard (D:12)
  2 orcs
  24 foxfires (Bailey)
  15 fungi
  A lurking horror (Slime:2)
  120 plants
  10 withered plants (D:15)
297 creatures vanquished.

Grand Total: 1464 creatures vanquished

Notes
Turn   | Place    | Note
-------+----------+-------------------------------------------
     0 | D:1      | MrRokkomies the Meteoran Cinder Acolyte began the quest for
                  | the Orb.
     0 | D:1      | Reached XP level 1. HP: 19/19 MP: 3/3
    46 | D:1      | Reached XP level 2. HP: 26/26 MP: 5/5
   336 | D:1      | Reached XP level 3. HP: 26/31 MP: 6/6
   382 | D:2      | Reached skill level 1 in Dodging
   390 | D:2      | Learned a level 2 spell: Scorch
   435 | D:2      | Found a faded altar of an unknown god.
   684 | D:2      | Reached XP level 4. HP: 39/40 MP: 7/7
   784 | D:3      | Noticed Natasha
   788 | D:3      | Killed Natasha
   833 | D:3      | Noticed Ijyb
   849 | D:3      | Killed Ijyb
   850 | D:3      | Reached XP level 5. HP: 37/47 MP: 8/8
   926 | D:3      | Noticed Natasha
   929 | D:3      | Killed Natasha
   930 | D:3      | Reached skill level 5 in Long Blades
   962 | D:3      | Noticed Robin
   983 | D:3      | Killed Robin
   984 | D:3      | Reached XP level 6. HP: 44/53 MP: 9/9
  1019 | D:3      | Identified the +6 leather armour "Puekhlac" {+Blink rN+
                  | Int-3 SInv}
  1092 | D:3      | Found Laegapedgh's Jewellery Shoppe.
  1160 | D:3      | Noticed Natasha
  1167 | D:3      | Killed Natasha
  1200 | D:3      | Noticed Sigmund
  1212 | D:3      | Killed Sigmund
  1213 | D:3      | Reached skill level 5 in Fighting
  1213 | D:3      | Reached XP level 7. HP: 61/61 MP: 1/10
  1701 | D:4      | Reached skill level 5 in Fire Magic
  1713 | D:4      | Learned a level 2 spell: Blink
  1777 | D:4      | Reached XP level 8. HP: 47/70 MP: 11/11
  1780 | D:4      | Reached skill level 1 in Translocations
  2007 | D:4      | Identified the +7 chain mail of the Sparrow {rElec rPois
                  | rF- Dex+10}
  2063 | D:5      | Entered Level 5 of the Dungeon
  2164 | D:5      | Reached skill level 1 in Armour
  2440 | D:5      | Gained mutation: You passively map the area around you.
                  | [Meteoran growth]
  2440 | D:5      | Reached XP level 9. HP: 79/79 MP: 12/12
  2652 | D:6      | Noticed Edmund
  2665 | D:6      | Killed Edmund
  2690 | D:6      | Noticed Prince Ribbit
  2700 | D:6      | Killed Prince Ribbit
  2701 | D:6      | Reached skill level 5 in Dodging
  3227 | D:7      | Reached XP level 10. HP: 90/90 MP: 13/13
  3490 | D:7      | Identified the +4 hand axe "Dakh" {antimagic, rF+ rC+
                  | Dex+3}
  3698 | D:7      | Reached skill level 10 in Long Blades
  3765 | D:8      | Reached skill level 5 in Armour
  3905 | D:8      | Found a snail-covered altar of Cheibriados.
  4065 | D:8      | Noticed a two-headed ogre
  4080 | D:8      | Killed a two-headed ogre
  4081 | D:8      | Reached skill level 10 in Fighting
  4150 | D:8      | Reached XP level 11. HP: 96/99 MP: 14/14
  4157 | D:8      | Identified the +0 barding of Impressiveness {rN+}
  4201 | D:8      | Found an iron altar of Okawaru.
  4201 | D:8      | Found a basalt altar of Yredelemnul.
  4202 | D:8      | Found a shimmering blue altar of Sif Muna.
  4211 | D:8      | Found Nibias's Book Boutique.
  4487 | D:9      | Noticed Maurice
  4513 | D:9      | Killed Maurice
  4530 | D:9      | Noticed a red ugly thing
  4530 | D:9      | Noticed a centaur warrior
  4536 | D:9      | Noticed a deep elf pyromancer
  4581 | D:9      | Killed a deep elf pyromancer
  4588 | D:9      | Noticed a death knight
  4609 | D:9      | Killed a death knight
  4623 | D:9      | Noticed a red ugly thing
  4656 | D:9      | Killed a purple ugly thing
  4664 | D:9      | Killed a centaur warrior
  4710 | D:9      | Killed a red ugly thing
  4921 | D:9      | Noticed a two-headed ogre
  4933 | D:9      | Killed a two-headed ogre
  4939 | D:9      | You fall into a shaft and drop 1 floor!
  4939 | D:10     | Entered Level 10 of the Dungeon
  4972 | D:10     | Reached XP level 12. HP: 72/110 MP: 15/15
  5133 | D:10     | Noticed an ogre mage
  5134 | D:10     | Noticed a wizard
  5157 | D:10     | Killed an ogre mage
  5164 | D:10     | Killed a wizard
  5203 | D:10     | Found the dreamshard necklace {*Dream Drain}
  5409 | D:10     | Identified the +3 scale mail "Ybain" {Harm rC- Int+2}
  5450 | D:10     | Noticed a two-headed ogre
  5465 | D:10     | Killed a two-headed ogre
  5589 | D:10     | Found a staircase to the Lair.
  5619 | D:10     | Noticed a two-headed ogre
  5634 | D:10     | Killed a two-headed ogre
  5641 | D:10     | Found a flagged portal.
  5650 | Bailey   | Entered a bailey
  5744 | Bailey   | Reached XP level 13. HP: 112/118 MP: 16/16
  5819 | Bailey   | Reached skill level 10 in Dodging
  6085 | Bailey   | Identified the ring "Ohoih" {rElec rN+ rCorr Str+2}
  6157 | Bailey   | Reached skill level 15 in Long Blades
  6321 | Lair:1   | Entered Level 1 of the Lair of Beasts
  6378 | Lair:1   | Reached skill level 10 in Armour
  6647 | Lair:2   | Found a hole to the Spider Nest.
  6655 | Lair:2   | Noticed a death yak
  6655 | Lair:2   | Noticed a death yak
  6656 | Lair:2   | Noticed a death yak
  6659 | Lair:2   | Noticed a death yak
  6659 | Lair:2   | Noticed a death yak
  6660 | Lair:2   | Noticed a death yak
  6706 | Lair:2   | Killed a death yak
  6707 | Lair:2   | Killed a death yak
  6720 | Lair:2   | Killed a death yak
  6731 | Lair:2   | Killed a death yak
  6749 | Lair:2   | Killed a death yak
  6768 | Lair:2   | Killed a death yak
  6980 | Lair:2   | Reached XP level 14. HP: 95/126 MP: 17/17
  7178 | Lair:3   | Noticed Gastronok
  7247 | Lair:3   | Killed Gastronok
  7399 | Lair:3   | Found a staircase to the Shoals.
  7782 | Lair:4   | Found a viscous altar of Jiyva.
  7782 | Lair:4   | Found a staircase to the Slime Pits.
  7801 | Lair:4   | Fell from the grace of Ignis
  7801 | Lair:4   | Became a worshipper of Jiyva Jatsepru the Shapeless
  8124 | Lair:5   | Entered Level 5 of the Lair of Beasts
  8394 | Lair:5   | Reached * piety under Jiyva
  8509 | Lair:5   | Reached XP level 15. HP: 119/136 MP: 18/18
  8546 | Lair:5   | Identified the +1 plate armour "Wupn" {*Corrode +Blink +Inv
                  | rN+ Slay+5}
  8552 | Lair:5   | Got the Folio of Transposition and the Mausoleum
  9116 | D:11     | Reached ** piety under Jiyva
  9173 | D:11     | Found a frozen archway.
  9212 | IceCv    | Entered an ice cave
  9595 | IceCv    | Noticed a frost giant
  9622 | IceCv    | Killed a frost giant
  9623 | IceCv    | Reached skill level 15 in Fighting
 10276 | D:12     | Reached *** piety under Jiyva
 10481 | D:12     | Found a staircase to the Orcish Mines.
 10490 | Orc:1    | Entered Level 1 of the Orcish Mines
 10490 | Orc:1    | Gained mutation: You have a pair of small horns on your
                  | head. [Jiyva's grace]
 10490 | Orc:1    | Gained mutation: You have a pair of horns on your head.
                  | [Jiyva's grace]
 10490 | Orc:1    | Gained mutation: You have a pair of large horns on your
                  | head. [Jiyva's grace]
 10490 | Orc:1    | Gained mutation: Your melee attacks may engulf your foes in
                  | ooze. [Jiyva's grace]
 10597 | Orc:2    | Entered Level 2 of the Orcish Mines
 10671 | Orc:2    | Found a staircase to the Elven Halls.
 10798 | Orc:2    | Reached **** piety under Jiyva
 10903 | Orc:2    | Reached skill level 1 in Evocations
 10920 | Orc:2    | Reached XP level 16. HP: 99/151 MP: 19/19
 11160 | Orc:2    | Found Wetutoh's Weapon Boutique.
 11160 | Orc:2    | Found Vaschenu's Magic Scroll Shoppe.
 11161 | Orc:2    | Found Xeun's Armour Emporium.
 11161 | Orc:2    | Found Izxem's Antique Armour Boutique.
 11204 | Orc:2    | Bought a pair of embroidered gloves for 270 gold pieces
 11478 | D:13     | Noticed Kirke
 11508 | D:13     | Killed Kirke
 11572 | D:13     | Found a gate to the Vaults.
 11603 | D:13     | Noticed Jorgrun
 11609 | D:13     | Killed Jorgrun
 11669 | D:13     | Reached skill level 5 in Evocations
 11709 | D:13     | Reached ***** piety under Jiyva
 11719 | D:13     | You fall into a shaft and drop 1 floor!
 11751 | D:14     | a six-headed hydra changed into an azure jelly
 11751 | D:14     | Noticed an azure jelly
 11819 | D:14     | Noticed Nessos
 11837 | D:14     | Nessos changed into Nessos the dream sheep
 11837 | D:14     | Noticed Nessos
 11839 | D:14     | Killed Nessos the dream sheep
 11849 | D:14     | Gained mutation: You have hidden genetic potential.
                  | [Jiyva's grace]
 11849 | D:14     | Gained mutation: You have great hidden genetic potential.
                  | [Jiyva's grace]
 11849 | D:14     | Gained mutation: You are partially covered in iridescent
                  | scales. (AC +2) [Jiyva's grace]
 11849 | D:14     | Gained mutation: You are mostly covered in iridescent
                  | scales. (AC +4) [Jiyva's grace]
 11871 | D:14     | Found a portal to a secret trove of treasure.
 12176 | D:15     | Entered Level 15 of the Dungeon
 12316 | D:15     | Reached XP level 17. HP: 156/166 MP: 20/20
 12323 | D:15     | Found a staircase to the Depths.
 12947 | Spider:1 | Entered Level 1 of the Spider Nest
 13105 | Spider:1 | Reached skill level 1 in Ranged Weapons
 13211 | Spider:1 | You fall into a shaft and drop 1 floor!
 13211 | Spider:2 | Was forgiven by Ignis
 13296 | Spider:2 | Found a transporter.
 13304 | Spider:2 | Gained mutation: You are robust. (+10% HP) [hidden
                  | potential]
 13432 | Spider:2 | Reached skill level 5 in Ranged Weapons
 13454 | Spider:2 | Found a transporter.
 13576 | Spider:3 | Noticed Arachne
 13587 | Spider:3 | Slimified Arachne
 13587 | Spider:3 | Arachne changed into Arachne the acid blob
 13587 | Spider:3 | Noticed Arachne
 13633 | Spider:3 | Gained mutation: You passively map a large area around you.
                  | [Meteoran growth]
 13633 | Spider:3 | Reached XP level 18. HP: 195/195 MP: 21/21
 13651 | Spider:3 | Reached skill level 10 in Evocations
 13782 | Spider:3 | Got the Anthology of Clay
 13985 | Spider:4 | Entered Level 4 of the Spider Nest
 14099 | Spider:4 | Lost mutation: You are mostly covered in iridescent scales.
                  | (AC +4) [Jiyva's grace]
 14099 | Spider:4 | Lost mutation: You are robust. (+10% HP) [Jiyva's grace]
 14099 | Spider:4 | Gained mutation: Armour fits poorly on your pseudopods.
                  | [Jiyva's grace]
 14099 | Spider:4 | Gained mutation: Armour fits poorly on your large
                  | pseudopods. [Jiyva's grace]
 14099 | Spider:4 | Gained mutation: Armour fits poorly on your massive
                  | pseudopods. [Jiyva's grace]
 14099 | Spider:4 | Gained mutation: You expend magic power (3 MP) to
                  | strengthen your wands. [Jiyva's grace]
 14331 | Spider:4 | Reached skill level 10 in Ranged Weapons
 14348 | Spider:4 | Gained mutation: You have sharp toenails. [hidden
                  | potential]
 14348 | Spider:4 | Lost mutation: You have great hidden genetic potential.
                  | [hidden potential expressed]
 14453 | Spider:4 | Got a gossamer rune of Zot
 14641 | Shoals:1 | Entered Level 1 of the Shoals
 14805 | Shoals:1 | Reached XP level 19. HP: 184/185 MP: 22/22
 14826 | Shoals:1 | Found Olewna Qasch's Distillery.
 14836 | Shoals:1 | Bought a potion of might for 44 gold pieces
 14836 | Shoals:1 | Bought a potion of berserk rage for 55 gold pieces
 14836 | Shoals:1 | Bought a potion of magic for 88 gold pieces
 14836 | Shoals:1 | Bought a potion of curing for 33 gold pieces
 14836 | Shoals:1 | Bought a potion of berserk rage for 55 gold pieces
 14836 | Shoals:1 | Bought a potion of might for 44 gold pieces
 14878 | Shoals:2 | Reached XP level 20. HP: 193/193 MP: 23/23
 15184 | Shoals:3 | Noticed Bai Suzhen
 15190 | Shoals:3 | Slimified Bai Suzhen
 15190 | Shoals:3 | Bai Suzhen changed into Bai Suzhen the azure jelly
 15190 | Shoals:3 | Noticed Bai Suzhen
 15235 | Shoals:3 | Reached skill level 15 in Dodging
 15349 | Shoals:3 | Lost mutation: Armour fits poorly on your massive
                  | pseudopods. [Jiyva's grace]
 15349 | Shoals:3 | Lost mutation: You have hidden genetic potential. [Jiyva's
                  | grace]
 15349 | Shoals:3 | Lost mutation: You expend magic power (3 MP) to strengthen
                  | your wands. [Jiyva's grace]
 15349 | Shoals:3 | Lost mutation: You have sharp toenails. [Jiyva's grace]
 15349 | Shoals:3 | Gained mutation: You have large cloven feet. [Jiyva's
                  | grace]
 15349 | Shoals:3 | Gained mutation: You have hoof-like feet. [Jiyva's grace]
 15349 | Shoals:3 | Gained mutation: You have hooves in place of feet. [Jiyva's
                  | grace]
 15349 | Shoals:3 | Gained mutation: Your mind is acute. (Int +4, Str/Dex -1)
                  | [Jiyva's grace]
 15454 | Shoals:4 | Entered Level 4 of the Shoals
 15459 | Shoals:4 | Noticed Ilsuiw
 15473 | Shoals:4 | Killed Ilsuiw
 15583 | Shoals:4 | Reached skill level 15 in Armour
 15594 | Shoals:4 | Noticed Mlioglotl
 15599 | Shoals:4 | Killed Mlioglotl
 15763 | Shoals:4 | Noticed Nikola
 15772 | Shoals:4 | Killed Nikola
 15876 | Shoals:4 | Identified the +6 war axe "Rekonud" {pain, Drain rElec
                  | rF+++ rC-}
 15958 | Shoals:4 | HP: 2/193 [alligator snapping turtle (18)]
 15965 | Shoals:4 | Reached XP level 21. HP: 200/201 MP: 21/24
 16110 | Shoals:4 | Got a barnacled rune of Zot
 16359 | Vaults:1 | Entered Level 1 of the Vaults
 16374 | Vaults:1 | Reached skill level 15 in Ranged Weapons
 16382 | Vaults:1 | Found a huge runed gate.
 16382 | Vaults:1 | Found a huge runed gate.
 16382 | Vaults:1 | Found a huge runed gate.
 16382 | Vaults:1 | Found a huge runed gate.
 16382 | Vaults:1 | Found a huge runed gate.
 16383 | Vaults:1 | Found a huge runed gate.
 16383 | Vaults:1 | Found a huge runed gate.
 16383 | Vaults:1 | Found a huge runed gate.
 16385 | Vaults:1 | Found a huge runed gate.
 16386 | Vaults:1 | Found a huge runed gate.
 16413 | Vaults:1 | Found a huge runed gate.
 16413 | Vaults:1 | Found a huge runed gate.
 16413 | Vaults:1 | Found a huge runed gate.
 16413 | Vaults:1 | Found a huge runed gate.
 16413 | Vaults:1 | Found a huge runed gate.
 16413 | Vaults:1 | Found a huge runed gate.
 16414 | Vaults:1 | Found a huge runed gate.
 16415 | Vaults:1 | Found a huge runed gate.
 16416 | Vaults:1 | Found a huge runed gate.
 16423 | Vaults:1 | Found a huge runed gate.
 16423 | Vaults:1 | Found a huge runed gate.
 16423 | Vaults:1 | Found a huge runed gate.
 16423 | Vaults:1 | Found a huge runed gate.
 16423 | Vaults:1 | Found a huge runed gate.
 16423 | Vaults:1 | Found a huge runed gate.
 16424 | Vaults:1 | Found a huge runed gate.
 16425 | Vaults:1 | Found a huge runed gate.
 16427 | Vaults:1 | Found a huge runed gate.
 16434 | Vaults:1 | Found a huge runed gate.
 16434 | Vaults:1 | Found a huge runed gate.
 16434 | Vaults:1 | Found a huge runed gate.
 16434 | Vaults:1 | Found a huge runed gate.
 16434 | Vaults:1 | Found a huge runed gate.
 16437 | Vaults:1 | Found a huge runed gate.
 16879 | Vaults:1 | Glimpsed the power of Zot.
 16902 | Vaults:2 | Reached ****** piety under Jiyva
 16914 | Vaults:2 | Found Miecoom's Book Shoppe.
 16933 | Vaults:2 | Found a crumbling gateway.
 16934 | Vaults:2 | Noticed Mara
 16941 | Vaults:2 | Noticed MrRokkomies's illusion
 16944 | Vaults:2 | Killed Mara
 16951 | Desolati | Entered the Desolation of Salt
 17057 | Desolati | HP: 8/201 [ragged hierophant/a resonance strike (24)]
 17075 | Vaults:2 | Lost mutation: You are partially covered in iridescent
                  | scales. (AC +2) [Jiyva's grace]
 17075 | Vaults:2 | Gained mutation: Your muscles are strong. (Str +4, Int/Dex
                  | -1) [Jiyva's grace]
 17075 | Vaults:2 | Gained mutation: Your muscles are very strong. (Str +8,
                  | Int/Dex -2) [Jiyva's grace]
 17075 | Vaults:2 | Gained mutation: Your system is resistant to poisons.
                  | (rPois) [Jiyva's grace]
 17075 | Vaults:2 | Gained mutation: Your translucent skin slightly reduces
                  | your foes' accuracy. (Stealth+) [Jiyva's grace]
 17535 | Vaults:2 | Reached XP level 22. HP: 157/209 MP: 25/25
 17813 | Vaults:3 | Found a transporter.
 17813 | Vaults:3 | Identified the ring "Jarroar" {rCorr AC+4 Dex+3 Slay+3}
 17852 | Vaults:3 | Found a transporter.
 18205 | Slime:1  | Entered Level 1 of the Pits of Slime
 18346 | Slime:2  | Found a one-way gate to the infinite horrors of the Abyss.
 18380 | Slime:5  | Entered Level 5 of the Pits of Slime
 18400 | Slime:5  | Found a viscous altar of Jiyva.
 18400 | Slime:5  | Noticed the Royal Jelly
 18407 | Slime:5  | Got Xirosiwu's Volume of Assembling
 18411 | Slime:5  | Found the +3 Elemental Staff {rElec rF++ rC++ AC+5}
 18414 | Slime:5  | Identified the +8 triple crossbow of Change {vorpal, rElec}
 18427 | Slime:5  | Got a slimy rune of Zot
 18430 | Slime:5  | Identified the +5 quick blade of Zyipt {holy, Contam rC+++
                  | Int+3 Dex+3}
 18755 | Depths:1 | Entered Level 1 of the Depths
 18813 | Depths:1 | HP: 10/209 [salamander mystic/+0 quarterstaff (17)]
 18813 | Depths:1 | HP: 4/209 [something/ball of steam (6)]
 19373 | Depths:1 | Identified the +1 leather armour of True Grit {rPois Int+3}
 19521 | D:14     | You showed the slimy rune of Zot to enter a treasure trove
 19522 | Trove    | Entered a treasure trove
 19527 | Trove    | Found the +1 robe of Vines {NoPotionHeal Regen++++}
 19530 | Trove    | Found the +3 Mad Mage's Maulers {Infuse+∞ RegenMP Int-3}
 19532 | Trove    | Identified the -1 pair of gloves of the Barnacle {rC++
                  | Str+6 Dex-2}
 19533 | Trove    | Identified the +1 buckler of the Blacksmith {rCorr Int+2
                  | Dex+3}
 19536 | Trove    | Identified the +0 leather armour of the Merchant {rC++
                  | Regen+ Str-5 Dex+10}
 19537 | Trove    | Identified the +4 scale mail of Wariness {Str+3}
 19538 | Trove    | Identified the +1 plate armour of Read {Regen+ Dex+2}
 19540 | Trove    | Identified the +6 plate armour "Nourud" {rElec Will+++
                  | Str-4 Dex+2}
 19541 | Trove    | Identified the +0 pair of gloves of Quiet Fog {Drain +Inv
                  | Fly Stlth+}
 19543 | Trove    | Identified the +0 pair of gloves "Honwenev" {rC+ Int+3}
 19545 | Trove    | Identified the quicksilver dragon scales of Tulips {Will+
                  | Regen+ MP+9}
 19548 | Trove    | Identified the +7 plate armour of the Cockroach {Rampage
                  | Will+ Str+5 Dex-5}
 19712 | Depths:2 | Lost mutation: You have hooves in place of feet. [Jiyva's
                  | grace]
 19712 | Depths:2 | Lost mutation: You have a pair of large horns on your head.
                  | [Jiyva's grace]
 19712 | Depths:2 | Lost mutation: Armour fits poorly on your large pseudopods.
                  | [Jiyva's grace]
 19712 | Depths:2 | Lost mutation: Armour fits poorly on your pseudopods.
                  | [Jiyva's grace]
 19712 | Depths:2 | Gained mutation: You have acidic saliva. [Jiyva's grace]
 19712 | Depths:2 | Gained mutation: You are partially covered in iridescent
                  | scales. (AC +2) [Jiyva's grace]
 19712 | Depths:2 | Gained mutation: You are mostly covered in iridescent
                  | scales. (AC +4) [Jiyva's grace]
 19712 | Depths:2 | Gained mutation: You are completely covered in iridescent
                  | scales. (AC +6) [Jiyva's grace]
 19756 | Depths:2 | Found a one-way gate leading to the halls of Pandemonium.
 19785 | Depths:2 | Noticed a juggernaut
 19791 | Depths:2 | Slimified a juggernaut
 19791 | Depths:2 | a juggernaut changed into an azure jelly
 19964 | Depths:2 | Reached XP level 23. HP: 176/217 MP: 26/26
 20030 | Depths:3 | HP: 10/217 [deep troll (11)]
 20030 | Depths:3 | Mangled by a deep troll

Illustrated notes

Levels and vault maps discovered:
D:1:      elethiomel_arrival_shortcut, layout_basic
D:2:      layout_loops_ring, basic_ecumenical_altar
D:3:      layout_basic, serial_shops, shop_fountains,
          kennysheep_generic_room_10, uniq_sigmund, uniq_robin, uniq_ijyb,
          uniq_natasha
D:4:      layout_loops_ring
D:5:      cheibrodos_quashed, layout_loops_ring, serial_co_window_serial,
          co_window_paths_b, co_window_paths_a, co_window_paths_b,
          co_window_paths_a, co_window_cross_1, co_window_paths_c,
          co_window_broadway_b, co_window_broadway_c,
          co_window_of_opportunity_c, co_window_of_opportunity_c,
          co_window_unsneaky_path_b, co_window_paths_e, glass_columns_a,
          glass_columns_b, glass_columns_a
D:6:      layout_basic, minmay_temple_entry_drinking_statues, minivault_11,
          kennysheep_generic_room_6, uniq_edmund, uniq_prince_ribbit1
D:7:      layout_basic, kennysheep_minor_cross, kennysheep_small_spiral,
          minmay_misc_feat_plants
D:8:      minmay_razor_zed, layout_cave_pools,
          chequers_temple_overflow_statue_of_worship, serial_shops, shop,
          kennysheep_generic_room_16
D:9:      layout_irregular_city, serial_shops,
          nicolae_shop_bloodbath_and_beyond, minmay_fractal_squares_gapless_7,
          uniq_maurice, uniq_harold, uniq_grum
D:10:     minmay_the_grid_3x2 [minmay_the_grid_tree, minmay_the_grid_all_tris,
          minmay_the_grid_medium_cups, minmay_the_grid_pillar_ring,
          minmay_the_grid_embedded, minmay_the_grid_prize_big_room],
          layout_gridville, dpeg_oklobed_lair, serial_bayou,
          serial_bayou_shore_b, serial_bayou_pond_a, serial_bayou_ford_a,
          serial_bayou_crossing, enter_bailey_6, st_stairs_8
D:11:     layout_loops_ring, portal_ice_cave_entry_ice_simulacra,
          evilmike_butchery
D:12:     layout_irregular_city, erik_orc_2, kennysheep_windowed_goal
D:13:     layout_irregular_city, david_vaults_5, uniq_frances, uniq_kirke,
          uniq_jorgrun
D:14:     layout_stronghold, amcnicky_mini_rare_corridor_liquid, enter_trove_1,
          serial_bayou_lagoon_a, uniq_nessos
D:15:     gammafunk_depths_entry_grave, layout_basic, eino_curves_01,
          bh_walls_and_bars
Lair:1:   layout_misc_corridors, uniq_amaemon
Lair:2:   layout_cave_shapes, spider_nest_entry_web_field
Lair:3:   layout_hall_layers, elwin_shoals_entry_rocks, st_stairs_5,
          uniq_gastronok
Lair:4:   layout_layer_cave, slime_entry_1, uniq_sonja
Lair:5:   grunt_lair_end_beastmaster, layout_small_grid
Shoals:1: layout_shoals, serial_shops, nicolae_shop_trees
Shoals:2: layout_shoals, ldierk_geyser
Shoals:3: layout_shoals, serial_shops, nicolae_shop_advertising_works
          [nicolae_subvault_shop_adworks], nicolae_shoals_square_sea_wall,
          uniq_bai_suzhen
Shoals:4: shoals_end_hangedman, layout_shoals, shoals_ilsuiw_ice,
          uniq_mlioglotl, uniq_nikola
Spider:1: layout_spider_delve, drop_trap, nicolae_spider_scorpion_nest
Spider:2: gammafunk_sealed_arena, nicolae_spider_shape
Spider:3: layout_chambers, uniq_arachne
Spider:4: spider_rune_water, drop_trap
Slime:1:  layout_caves
Slime:2:  layout_caves, amcnicky_altar_lugonu_corruption
Slime:3:  layout_caves
Slime:4:  cheibrodos_slime_lost_civilization_2, layout_caves
Slime:5
Orc:1:    layout_diamond_mine
Orc:2:    st_orc_ogre_mass, layout_diamond_mine, minmay_orc_keep
Vaults:1: hangedman_vaults_variations, vaults_room_stairs_pillars, door_vault,
          hangedman_vaults_snaps, v_pattern_2, vaults_room_corners,
          vaults_dpeg_encased_lava, vaults_room_grunt_arrival_ludios,
          vaults_room_stairs_pillars, vaults_mumra_hexcomb,
          hangedman_vaults_impose, layout_vaults_omnigrid
Vaults:2: portal_desolation_entry_ruin, v_pattern_3,
          hangedman_vaults_corner_blocks, nicolae_vaults_little_squares_4,
          nicolae_vaults_specimen_jars, hangedman_vaults_trim,
          vaults_mumra_minichess, nicolae_vaults_yaktaur_gun_rack,
          nicolae_vaults_little_squares_3, nicolae_vaults_sealed_display,
          v_misc_29, layout_vaults_chaotic_city, serial_shops,
          nicolae_shop_stone, uniq_mara
Vaults:3: nicolae_vaults_mini_display_case, vaults_room_door_hall,
          nicolae_vaults_diagonal_hallway_7, minmay_crypt_entry_simple_statues,
          ontoclasm_vaults_ring_small, gammafunk_its_a_trap, v_misc_30,
          vaults_room_grid, ontoclasm_vaults_fault, layout_vaults_maze,
          serial_shops, shop
Depths:1: layout_roguey, hangedman_abyss_entry_splay, hellmouth_3,
          ploomutoo_gammafunk_ghost_potion_laboratory,
          serial_sigils_hangedman_carve, serial_bayou_lake_a
Depths:2: nzn_winding_woodlands_cross [nzn_winding_woodlands_5x15_pool,
          nzn_winding_woodlands_5x15_longhouse,
          nzn_winding_woodlands_5x15_lazy_stream,
          nzn_winding_woodlands_5x15_zeroes,
          nzn_winding_woodlands_15x15_thick_spiral], layout_cave_shapes,
          enter_ziggurat_a, pf_vacation_house_of_asmodeus,
          hangedman_decor_riveting, pan_entry, minmay_staircase_windowed_large
Depths:3: kennysheep_big_flooded_room, layout_cave_pools, abyss_entry,
          grunt_dithmenos_smoke_and_mirrors, rand_demon_pan_entry_1, hell_entry,
          serial_shops, nicolae_shop_behind_doors, minmay_pinched_square,
          uniq_saint_roka

Skill      XL: |  1  2  3  4  5  6  7  8  9 10 11 12 13 14 15 16 17 18 19 20 21 22 |
---------------+-------------------------------------------------------------------+-----
Long Blades    | 4 5 6 7 9 11 12 14 16 18 19 20 | 20.0
Dodging        | 1 2 3 4 5 7 8 9 11 12 13 14 15 17 18 | 18.1
Fire Magic     | 4 5 |  5.0
Fighting       | 4 5 7 8 10 11 12 13 16 18 20 | 20.4
Translocations | 1 |  1.1
Armour         | 2 4 5 7 9 11 12 13 14 15 16 17 | 17.8
Evocations     | 1 6 9 11 | 11.5
Ranged Weapons | 6 11 12 14 16 18 | 18.5
Spellcasting   | |  1.3

Action                   |  1- 3 |  4- 6 |  7- 9 | 10-12 | 13-15 | 16-18 | 19-21 | 22-24 || total
-------------------------+-------+-------+-------+-------+-------+-------+-------+-------++-------
Melee: Falchion          |    24 |       |       |       |       |       |       |       ||    24
       Punch             |     1 |       |     4 |    13 |    46 |     5 |       |       ||    69
       Short sword       |    52 |    91 |   244 |   540 |  1030 |   150 |       |       ||  2107
       Great sword       |       |       |       |    10 |       |   593 |   493 |   335 ||  1431
       Dagger            |       |       |       |    54 |   821 |    14 |       |       ||   889
       Headbutt          |       |       |       |       |    38 |   238 |   168 |   118 ||   562
       Pseudopods        |       |       |       |       |       |    34 |   156 |    86 ||   276
       Kick              |       |       |       |       |       |       |   200 |   197 ||   397
       Bite              |       |       |       |       |       |       |       |    22 ||    22
 Fire: Longbow           |       |       |       |       |       |     6 |    32 |       ||    38
Throw: Dart              |       |       |       |     2 |       |    16 |       |       ||    18
 Cast: Scorch            |       |     4 |       |       |       |       |       |       ||     4
Invok: Fiery Armour      |       |     1 |     1 |     4 |     3 |       |       |       ||     9
       Foxfire Swarm     |       |       |       |     1 |       |       |       |       ||     1
       Slimify           |       |       |       |       |       |     2 |     2 |     1 ||     5
       Oozemancy         |       |       |       |       |       |     2 |     1 |       ||     3
Evoke: Wand              |       |       |     1 |    10 |     9 |     1 |     3 |       ||    24
       Tin of tremorston |       |       |       |       |       |       |     1 |       ||     1
  Use: Scroll            |       |     6 |     8 |     6 |     8 |     5 |     6 |     2 ||    41
       Potion            |       |       |       |     4 |     3 |       |     2 |     2 ||    11
 Stab: Distracted        |       |       |       |       |     1 |    10 |    15 |     3 ||    29
Armor: Robe              |    19 |    12 |       |       |       |       |       |       ||    31
       Leather armour    |       |    14 |    19 |       |       |       |       |       ||    33
       Chain mail        |       |       |   115 |   324 |   844 |   513 |   267 |    83 ||  2146
       Plate armour      |       |       |       |       |       |       |       |    75 ||    75
Dodge: Dodged            |    30 |    42 |   103 |   256 |   896 |   603 |   447 |   313 ||  2690

Table legend: (Time is in decaauts)
 A = Elapsed time spent in this place.
 B = Non-inter-level travel time spent in this place.
 C = Inter-level travel time spent in this place.
 D = Time resting spent in this place.
 E = Time spent auto-exploring this place.
 F = Levels seen in this place.
 G = Mean time per level.
                   A        B        C        D        E       F      G
               +--------+--------+--------+--------+--------+-----+--------+
         Total |  18577 |  16175 |   2402 |    456 |   5768 |  45 |  412.8 |
       Dungeon |   8466 |   7364 |   1102 |    133 |   3959 |  15 |  564.4 |
          Lair |   2520 |   2046 |    474 |    144 |    617 |   5 |  504.0 |
        Shoals |   1639 |   1486 |    153 |     44 |    238 |   4 |  409.8 |
   Spider Nest |   1546 |   1276 |    270 |      6 |    289 |   4 |  386.5 |
    Slime Pits |    313 |    261 |     52 |    100 |      0 |   5 |   62.6 |
  Orcish Mines |    672 |    588 |     84 |      2 |     47 |   2 |  336.0 |
        Vaults |   1514 |   1299 |    215 |      6 |    464 |   3 |  504.7 |
        Depths |    813 |    762 |     51 |     20 |    153 |   3 |  271.0 |
         Trove |     64 |     64 |      0 |      0 |      0 |   1 |   64.0 |
        Bailey |    479 |    479 |      0 |      0 |      0 |   1 |  479.0 |
      Ice Cave |    450 |    450 |      0 |      0 |      0 |   1 |  450.0 |
    Desolation |     96 |     96 |      0 |      0 |      0 |   1 |   96.0 |
               +--------+--------+--------+--------+--------+-----+--------+

Top non-repeatable levels by time:
    D:10: 892 daAuts
    D:15: 889 daAuts
     D:3: 782 daAuts
     D:8: 698 daAuts
Shoals:4: 690 daAuts
  Lair:5: 647 daAuts
    D:14: 626 daAuts
   Orc:2: 562 daAuts
     D:7: 560 daAuts
     D:5: 557 daAuts
Vaults:2: 557 daAuts
Vaults:1: 546 daAuts
  Lair:2: 537 daAuts
  Lair:3: 524 daAuts
Spider:3: 522 daAuts
